Unix NetHack Version 3.7.0-101 Work-in-progress - last build Mar 25 2024 11:18:41 (462964f8eaac915e699fc3a71b43428251fec12b,branch:master). Game began 2024-03-29 14:02:06, ended 2024-03-30 08:32:58. elenmirie, neutral female gnomish Archeologist k ----- ---...-- |......-- -- -......-- .. --....G.| -.--- |......| |...--|....h.-- f |....|---.....-- h |....-- ---....-- h l -....| |-....-- --->...-----......| --.....fi..........| |.......@.----.....| l G --.....--..| ---..-- ---..------ |..| ---- ---- Elenmirie the Field Worker St:10 Dx:12 Co:13 In:16 Wi:18 Ch:9 Neutral Dlvl:6 $:0 HP:0(32) Pw:13(13) AC:9 Xp:4/152 T:2057 Burdened Blind Latest messages: The orc shaman points all around, then curses. What do you want to zap? [ruyP or ?*] ? In what direction? l The wand hits the orc shaman! You kill the orc shaman! The wand misses the water nymph. The water nymph picks up an orc shaman corpse. What do you want to zap? [ruyP or ?*] u In what direction? l The wand hits the water nymph! You kill the water nymph! There are several objects here. You have a little trouble lifting Q - an agate ring. R - a white gem. What do you want to rub? [gi or ?*] g What do you want to rub on the stone? [R or ?*] R R - a worthless piece of white glass. What do you want to drop? [a-egi-lrtuwyzAIMO-R or ?*] R You drop a worthless piece of white glass. You see here 9 rocks. You see here 9 rocks. The homunculus bites! The homunculus bites! You are beginning to feel weak. You lash the homunculus. The homunculus bites! What do you want to eat? [d or ?*] ? Blecch! Rotten food! Everything suddenly goes dark. You stop eating the food ration. The homunculus bites! The homunculus bites! You miss the homunculus. The homunculus bites! You are put to sleep! The homunculus bites! The kitten bites! The homunculus bites! The kitten bites! The kitten bites! The homunculus bites! The kitten bites! The kitten bites! The homunculus bites! You die... Do you want your possessions identified? [ynq] (y) y Do you want to see your attributes? [ynq] (y) y Do you want an account of creatures vanquished? [ynaq] (y) y Do you want to see your conduct and achievements? [ynq] (y) y Do you want to see the dungeon overview? [ynq] (y) y Inventory: Weapons k - 4 uncursed +0 darts (at the ready) j - 8 cursed -1 darts O - 8 uncursed +0 daggers a - an uncursed +2 bullwhip (weapon in right hand) Armor c - an uncursed +0 fedora (being worn) b - an uncursed +0 leather jacket (being worn) Comestibles d - 5 uncursed food rations S - an uncursed partly eaten food ration Rings Q - an uncursed ring of see invisible I - an uncursed ring of teleport control Wands P - an uncursed wand of digging (0:8) r - an uncursed wand of digging (0:4) y - an uncursed wand of light (0:10) u - an uncursed wand of striking (0:1) Tools w - an uncursed sack containing 16 items A - an uncursed bell i - an uncursed oil lamp e - an uncursed +0 pick-axe (alternate weapon; not wielded) z - an uncursed tin whistle t - an uncursed tinning kit (0:33) Gems/Stones l - 2 cursed aquamarine stones M - an uncursed jade stone g - an uncursed touchstone Contents of the sack: 2731 gold pieces an uncursed scroll of enchant armor an uncursed scroll of genocide an uncursed scroll of gold detection an uncursed scroll of identify a cursed scroll of identify a blessed scroll of remove curse an uncursed scroll of remove curse 2 blessed scrolls of teleportation an uncursed potion of hallucination an uncursed potion of healing a blessed potion of invisibility a cursed potion of invisibility an uncursed potion of paralysis an uncursed potion of speed a potion of unholy water Elenmirie the Archeologist's attributes: Background: You were a Field Worker, a level 4 female gnomish Archeologist. You were neutral, on a mission for Camaxtli who was opposed by Quetzalcoatl (lawful) and Huhetotl (chaotic). You were right-handed. You were in the Gnomish Mines, on level 6. You entered the dungeon 2057 turns ago. You had 152 experience points, 8 more were needed to attain level 5. Basics: You had 0 out of 32 hit points. You had all 13 energy points (spell power). Your armor class was 9. Your wallet was empty, but you had 2731 zorkmids stashed away in your pack. Autopickup was on for '$' plus thrown. Final Characteristics: Your strength was 10 (limit:18/50). Your dexterity was 12 (limit:18). Your constitution was 13 (limit:18). Your intelligence was 16 (limit:19). Your wisdom was 18 (limit:18). Your charisma was 9 (limit:18). Final Status: You were temporarily blind. You weren't hungry. You were burdened; movement was slightly slowed. You were wielding a whip. You had basic skill with whip. Final Attributes: You were piously aligned. You were poison resistant. You were telepathic. You had automatic searching. You had infravision. You are dead. Miscellaneous: You never encountered a bones level. Total elapsed playing time was 12 minutes and 1 second. Major events: Turn 1: elenmirie the neutral female gnomish Archeologist entered the dungeon 1253: attained the rank of Field Worker (level 3) 1578: entered the Gnomish Mines 2057: killed by a homunculus, while sleeping Vanquished creatures: an imp a water nymph an orc shaman a fog cloud a shrieker a gnome leader a floating eye a kobold shaman a dwarf zombie an iguana an acid blob a coyote a giant rat a yellow mold a green mold 2 gnomes 2 geckos 5 jackals 2 foxes 2 kobolds a grid bug 3 lichens 3 newts 35 creatures vanquished. No species were genocided or became extinct. Voluntary challenges: You were illiterate. You never engraved Elbereth. You never genocided any monsters. You never polymorphed an object. You never changed form. You used no wishes. Achievements: You attained the rank of Field Worker. You entered the Gnomish Mines. The Dungeons of Doom: levels 1 to 5 Level 1: An altar to Camaxtli, some fountains. Level 2: Level 3: Many fountains, a grave. Level 4: Some fountains. Stairs down to The Gnomish Mines. Level 5: The Gnomish Mines: levels 5 to 7 Level 5: Level 6: <- You were here. Final resting place for you, killed by a homunculus, while sleeping. Level 7: Game over: ---------- / \ / REST \ / IN \ / PEACE \ / \ | elenmirie | | 2731 Au | | killed by a | | homunculus | | | | | | 2024 | *| * * * | * _________)/\\_//(\/(/\)/\//\/|_)_______ Goodbye elenmirie the Archeologist... You died in The Gnomish Mines on dungeon level 6 with 3386 points, and 2731 pieces of gold, after 2057 moves. You were level 4 with a maximum of 32 hit points when you died.